 Dungeon Crawl Stone Soup version 0.26-a0-43-g20b394cb32 (webtiles) character file.

Game seed: 14434981638876879638

2440 DungeonDestroyer the Shield-Bearer (level 9, -2/74 HPs)
             Began as a Gnoll Fighter on June 2, 2020.
             Was a Follower of Ashenzari.
             Slain by an orc warrior
             ... wielding a +0 war axe
              (9 damage)
             ... in a bailey.
             The game lasted 00:15:35 (6402 turns).

DungeonDestroyer the Shield-Bearer (Gnoll Fighter)  Turns: 6402, Time: 00:15:37

Health: -2/74      AC: 14    Str: 21    XL:     9   Next: 49%
Magic:  15/15      EV: 11    Int: 11    God:    Ashenzari [*.....]
Gold:   273        SH: 13    Dex: 18    Spells: 16/16 levels left

rFire    . . .     SeeInvis .   a - +0 war axe
rCold    . . .     Gourm    .   c - +1 kite shield
rNeg     + . .     Faith    .   b - +0 scale mail
rPois    .         Spirit   .   (no helmet)
rElec    .         Reflect  .   u - +0 cloak
rCorr    .         Harm     .   t - +2 pair of gloves
MR       .....                  q - +0 pair of boots
Stlth    +++.......             v - amulet of the acrobat
HPRegen  0.22/turn              k - ring of stealth
MPRegen  0.14/turn              i - ring of Goxem Voa {rN+ Dex+3} (curse)

@: mighty, marked
A: distributed training, fangs 1, strong nose
a: Curse Item, Scrying, Renounce Religion


You were in a bailey.
You worshipped Ashenzari.
Ashenzari was aware of your devotion.
You were not hungry.

You visited 2 branches of the dungeon, and saw 8 of its levels.
You also visited: Sewer and Bailey.

You collected 273 gold pieces.

Inventory:

Hand Weapons
 a - a +0 war axe (weapon)
 o - a +0 flail
Missiles
 e - 199 stones (quivered)
 g - 34 arrows
 n - 39 boomerangs
 r - 3 curare-tipped darts
 s - 35 bolts
 w - 26 poisoned darts
Armour
 b - a +0 scale mail (worn)
 c - a +1 kite shield (worn)
 q - a +0 pair of boots (worn)
 t - a +2 pair of gloves (worn)
 u - a +0 cloak (worn)
Jewellery
 i - the cursed ring of Goxem Voa (right hand) {rN+ Dex+3}
   (You acquired it on level 5 of the Dungeon)

   [ring of positive energy]

   It affects your dexterity (+3).
   It protects you from negative energy.
   It has a curse placed upon it.
 k - a ring of stealth (left hand)
 v - an amulet of the acrobat (around neck)
Wands
 l - a wand of flame (22)
 B - a wand of random effects (23)
 D - a wand of enslavement (13)
Scrolls
 j - 9 scrolls of teleportation
 p - 2 scrolls of fog
 x - 2 scrolls of remove curse
 y - a scroll of blinking
Potions
 d - a potion of might
 h - 3 potions of invisibility
 m - 5 potions of curing
 A - 2 potions of flight
 C - 2 potions of brilliance
Comestibles
 f - 6 rations
 z - 16 chunks of flesh


   Skills:
 + Level 7.9 Fighting
 + Level 4.2 Short Blades
 + Level 4.2 Long Blades
 + Level 6.3 Axes
 + Level 4.2 Maces & Flails
 + Level 4.2 Polearms
 + Level 4.2 Staves
 + Level 4.2 Slings
 + Level 4.2 Bows
 + Level 4.2 Crossbows
 + Level 4.2 Throwing
 + Level 7.9 Armour
 + Level 4.2 Dodging
 + Level 4.2 Stealth
 + Level 7.9 Shields
 + Level 4.2 Unarmed Combat
 + Level 4.2 Spellcasting
 + Level 3.4 Conjurations
 + Level 3.4 Hexes
 + Level 3.4 Charms
 + Level 3.4 Summonings
 + Level 3.4 Necromancy
 + Level 3.4 Translocations
 + Level 3.4 Transmutations
 + Level 3.4 Fire Magic
 + Level 3.4 Ice Magic
 + Level 3.4 Air Magic
 + Level 3.4 Earth Magic
 + Level 3.4 Poison Magic
 + Level 4.6 Invocations
 + Level 4.2 Evocations


You had 16 spell levels left.
You didn't know any spells.
Your spell library contained the following spells:

 Spells                   Type           Power        Failure   Level  Hunger
 Sting                    Tmut/Pois      #...         34%         1    #......
 Poisonous Vapours        Pois/Air       #.....       45%         2    ##.....
 Ignite Poison            Fire/Tmut/Pois #.......     71%         3    ###....
 Mephitic Cloud           Conj/Pois/Air  #.......     71%         3    ###....
 Olgreb's Toxic Radiance  Pois           #.......     98%         4    #####..


Dungeon Overview and Level Annotations

Branches:
Dungeon (7/15)             Temple (1/1) D:6           Sewer (visited)
 Bailey (1/1)

Altars:
Ashenzari
Cheibriados
Dithmenos
Elyvilon
Fedhas
Gozag
Hepliaklqana
Kikubaaqudgha
Nemelex Xobeh
Okawaru
Qazlal
Ru
Sif Muna
Uskayaw
Vehumet
Wu Jian
Xom
Yredelemnul
Zin
The Shining One

Shops:
D:4 (

Annotations:
D:4 3 runed translucent doors, scimitardk's ghost, amateur MiBe; tmanko2's ghost, novice OpWz


Innate Abilities, Weirdness & Mutations

Your experience applies equally to all skills.
You have very sharp teeth.
Your uncanny sense of smell can sniff out nearby items.


Message History

The orc warrior is heavily wounded.
You hit the orc warrior. You block the orc warrior's attack.
The orc warrior hits you with a +0 war axe!
* * * LOW HITPOINT WARNING * * *
You slash the orc warrior!
The orc warrior is almost dead.
You hit the orc warrior. You block the orc warrior's attack.
The orc warrior hits you with a +0 war axe.
* * * LOW HITPOINT WARNING * * *
You feel very mighty all of a sudden.
The orc warrior hits you with a +0 war axe.
* * * LOW HITPOINT WARNING * * *
The orc warrior barely misses you.
You hit the orc warrior.
The orc warrior is heavily wounded.
You miss the orc warrior.
The orc complains noisily.
You block the orc warrior's attack.
The orc warrior hits you with a +0 war axe!
You die...

#############.###
####........).......
##.........).########
##.........#)## #.....⌠....#).#
∆ ##.......###..#
#######)....#.#)@###
≈≈≈≈≈#.)....#'#.oooK.... .# #.
≈≈≈≈≈≈≈≈≈.....#..####'#### .#.≈≈
###≈≈≈≈≈≈≈≈≈≈.####oooKo..####≈≈≈
# ###....≈≈≈≈≈≈≈K#ogKooK.#∩≈≈≈≈≈
##......≈≈≈≈≈#########≈≈≈≈
##.......≈≈≈≈≈≈≈≈≈≈≈≈≈≈#
###........≈≈≈≈≈≈≈≈≈#
####.............#


You could see 2 orc warriors, an orc and a kobold.

Vanquished Creatures
  Pikel (D:7)
  7 orc warriors (Bailey)
  4 slaves (D:7)
  An ice beast (D:7)
  A necrophage (D:7)
  An ogre (D:7)
  A centaur (D:5)
  2 bullfrogs (Sewer)
  A scorpion (D:4)
  A hound (D:7)
  2 jellies
  3 orc wizards
  3 orc priests (D:3)
  2 iguanas
  3 worker ants
  5 gnolls
  14 adders
  9 oozes
  4 worms
  5 dart slugs
  18 leopard geckos
  20 orcs
  9 ball pythons
  5 bats
  11 giant cockroaches
  8 goblins
  5 hobgoblins
  4 jackals (D:3)
  14 kobolds
  A quokka (D:2)
  17 frilled lizards
  A jackal skeleton (D:4)
  7 rats
  5 plants (D:2)
195 creatures vanquished.

Vanquished Creatures (others)
  2 plants (D:2)
2 creatures vanquished.

Grand Total: 197 creatures vanquished

Notes
Turn   | Place    | Note
-------+----------+-------------------------------------------
     0 | D:1      | DungeonDestroyer the Gnoll Fighter began the quest for the
                  | Orb.
     0 | D:1      | Reached XP level 1. HP: 23/23 MP: 1/1
   130 | D:1      | Reached XP level 2. HP: 29/29 MP: 2/2
   806 | D:2      | Reached XP level 3. HP: 29/35 MP: 3/3
   999 | D:2      | Reached skill level 1 in Invocations
  1212 | D:2      | Found a faded altar of an unknown god.
  1214 | D:2      | Reached skill level 1 in Short Blades
  1214 | D:2      | Reached skill level 1 in Long Blades
  1214 | D:2      | Reached skill level 1 in Maces & Flails
  1214 | D:2      | Reached skill level 1 in Polearms
  1214 | D:2      | Reached skill level 1 in Staves
  1214 | D:2      | Reached skill level 1 in Slings
  1214 | D:2      | Reached skill level 1 in Bows
  1214 | D:2      | Reached skill level 1 in Crossbows
  1214 | D:2      | Reached skill level 1 in Throwing
  1214 | D:2      | Reached skill level 1 in Dodging
  1214 | D:2      | Reached skill level 1 in Stealth
  1214 | D:2      | Reached skill level 1 in Unarmed Combat
  1214 | D:2      | Reached skill level 1 in Spellcasting
  1214 | D:2      | Reached skill level 1 in Evocations
  1351 | D:2      | Reached XP level 4. HP: 36/41 MP: 5/5
  1807 | D:3      | Found a shattered altar of Ashenzari.
  1845 | D:3      | Became a worshipper of Ashenzari the Shackled
  1878 | D:3      | Found a glowing drain.
  2002 | Sewer    | Entered a sewer
  2005 | Sewer    | Reached skill level 1 in Conjurations
  2005 | Sewer    | Reached skill level 1 in Hexes
  2005 | Sewer    | Reached skill level 1 in Charms
  2005 | Sewer    | Reached skill level 1 in Summonings
  2005 | Sewer    | Reached skill level 1 in Necromancy
  2005 | Sewer    | Reached skill level 1 in Translocations
  2005 | Sewer    | Reached skill level 1 in Transmutations
  2005 | Sewer    | Reached skill level 1 in Fire Magic
  2005 | Sewer    | Reached skill level 1 in Ice Magic
  2005 | Sewer    | Reached skill level 1 in Air Magic
  2005 | Sewer    | Reached skill level 1 in Earth Magic
  2005 | Sewer    | Reached skill level 1 in Poison Magic
  2048 | Sewer    | Reached XP level 5. HP: 47/47 MP: 6/6
  2478 | Sewer    | Reached XP level 6. HP: 53/53 MP: 8/8
  2503 | Sewer    | Reached skill level 5 in Axes
  2821 | D:3      | Reached XP level 7. HP: 11/59 MP: 10/10
  3411 | D:3      | Found a stormy altar of Qazlal.
  3412 | D:3      | Noticed a fire elemental
  3414 | D:3      | Noticed a water elemental
  3414 | D:3      | Noticed an air elemental
  3722 | D:4      | Found Ocoxtif's Weapon Boutique.
  3797 | D:4      | Found a runed translucent gate.
  3797 | D:4      | Found a runed translucent gate.
  3797 | D:4      | Found a runed translucent gate.
  3797 | D:4      | Noticed scimitardk's ghost (amateur MiBe)
  3798 | D:4      | Noticed tmanko2's ghost (novice OpWz)
  4464 | D:5      | Entered Level 5 of the Dungeon
  4601 | D:5      | Reached * piety under Ashenzari
  4669 | D:5      | Reached XP level 8. HP: 64/67 MP: 12/12
  4948 | D:5      | Found a white marble altar of Elyvilon.
  4951 | D:5      | Found a sacrificial altar of Ru.
  4954 | D:5      | Found a glowing silver altar of Zin.
  4979 | D:5      | Identified a scroll of acquirement
  4982 | D:5      | Got the cursed ring of Goxem Voa {rN+ Dex+3}
  5181 | D:6      | Found a staircase to the Ecumenical Temple.
  5740 | Temple   | Entered the Ecumenical Temple
  5935 | D:7      | Found a flagged portal.
  5953 | D:7      | Noticed Pikel
  5974 | D:7      | Killed Pikel
  5974 | D:7      | Reached XP level 9. HP: 30/72 MP: 12/14
  6035 | Bailey   | Entered a bailey
  6402 | Bailey   | Slain by an orc warrior

Illustrated notes

Levels and vault maps discovered:
D:1:      dpeg_arrival_rooms_a, layout_loops_cross
D:2:      layout_basic, chequers_ecumenical_altar_simple, serial_bayou_lagoon_a
D:3:      layout_basic, ashenzari_conservatory_becter, portal_sewer_entry_f,
          minmay_misc_feat_tiny, nicolae_qazlal_style_of_elements
D:4:      layout_basic, gammafunk_ghost_cemetery, first_ration, serial_shops,
          shop
D:5:      layout_cave_pools, grunt_temple_overflow_diamond
D:6:      layout_basic, minmay_temple_entry_overgrown
D:7:      layout_gridville, enter_bailey_2, st_stairs_8, grunt_ogre_cave,
          uniq_pikel
Temple:   eino_wide_crystal_templ
Bailey:   bailey_axe_4, bailey

Skill      XL: |  1  2  3  4  5  6  7  8  9 |
---------------+----------------------------+-----
Invocations    | 1 2 3 4 |  4.6
Short Blades   | 1 2 3 4 |  4.2
Long Blades    | 1 2 3 4 |  4.2
Maces & Flails | 1 2 3 4 |  4.2
Polearms       | 1 2 3 4 |  4.2
Staves         | 1 2 3 4 |  4.2
Slings         | 1 2 3 4 |  4.2
Bows           | 1 2 3 4 |  4.2
Crossbows      | 1 2 3 4 |  4.2
Throwing       | 1 2 3 4 |  4.2
Dodging        | 1 2 3 4 |  4.2
Stealth        | 1 2 3 4 |  4.2
Unarmed Combat | 1 2 3 4 |  4.2
Spellcasting   | 1 2 3 4 |  4.2
Evocations     | 1 2 3 4 |  4.2
Conjurations   | 1 2 3 |  3.4
Hexes          | 1 2 3 |  3.4
Charms         | 1 2 3 |  3.4
Summonings     | 1 2 3 |  3.4
Necromancy     | 1 2 3 |  3.4
Translocations | 1 2 3 |  3.4
Transmutations | 1 2 3 |  3.4
Fire Magic     | 1 2 3 |  3.4
Ice Magic      | 1 2 3 |  3.4
Air Magic      | 1 2 3 |  3.4
Earth Magic    | 1 2 3 |  3.4
Poison Magic   | 1 2 3 |  3.4
Axes           | 5 6 |  6.3
Fighting       | 7 |  7.9
Armour         | 7 |  7.9
Shields        | 7 |  7.9

Action                   |  1- 3 |  4- 6 |  7- 9 || total
-------------------------+-------+-------+-------++-------
Melee: War axe           |    86 |   277 |   261 ||   624
       Bite              |    10 |    23 |    37 ||    70
Evoke: Wand              |       |       |     1 ||     1
  Use: Scroll            |     2 |     7 |     2 ||    11
       Potion            |     2 |       |    12 ||    14
 Stab: Sleeping          |       |       |     3 ||     3
  Eat: Chunk             |     1 |     6 |     9 ||    16
       Ration            |       |       |     1 ||     1
Armor: Scale mail        |    34 |    97 |   121 ||   252
Dodge: Dodged            |    31 |    94 |   159 ||   284
Block: Kite shield       |    46 |   178 |   241 ||   465

Table legend:
 A = Non-vault XP
 B = Vault XP
 C = Vault XP percentage of total XP
 D = Non-vault monster count
 E = Vault monster count
 F = Vault count percentage of total count
                 A         B        C        D         E       F
            +---------+---------+-------+---------+---------+-------
      Total |    1464 |    2022 |  58.0 |     113 |      73 |  39.2
            +---------+---------+-------+---------+---------+-------
        D:1 |      30 |       0 |   0.0 |      15 |       0 |   0.0
        D:2 |      66 |       0 |   0.0 |      20 |       0 |   0.0
        D:3 |     225 |      13 |   5.5 |      34 |       5 |  12.8
        D:4 |     288 |       0 |   0.0 |      20 |       0 |   0.0
        D:5 |     201 |       0 |   0.0 |       6 |       0 |   0.0
        D:6 |      89 |       0 |   0.0 |       6 |       0 |   0.0
        D:7 |     565 |     673 |  54.4 |      12 |       1 |   7.7
      Sewer |       0 |     378 | 100.0 |       0 |      45 | 100.0
     Bailey |       0 |     958 | 100.0 |       0 |      22 | 100.0
            +---------+---------+-------+---------+---------+-------
